 Dungeon Crawl Stone Soup version 0.26-a0-712-ga5a9c9c9d0 (webtiles) character file.

Game seed: 4713177777658938265

66 kae the Poker (level 4, 0/35 HPs)
             Began as a Merfolk Gladiator on Nov 12, 2020.
             Succumbed to an adder's poison
             ... on level 2 of the Dungeon.
             The game lasted 00:00:59 (1472 turns).

kae the Poker (Merfolk Gladiator)                   Turns: 1472, Time: 00:01:00

Health: 0/35       AC:  5    Str: 15    XL:     4   Next: 15%
Magic:  4/4        EV: 14    Int:  7    God:
Gold:   79         SH:  0    Dex: 15    Spells: 3/3 levels left

rFire    . . .     SeeInvis .   a - +0 trident
rCold    . . .     Faith    .   (no shield)
rNeg     . . .     Spirit   .   b - +0 leather armour
rPois    .         Reflect  .   i - +2 hat
rElec    .         Harm     .   (no cloak)
rCorr    .         Rampage  .   (no gloves)
MR       .....                  (no boots)
Stlth    +.........             e - amulet of the acrobat
HPRegen  0.11/turn              (no ring)
MPRegen  0.09/turn              (no ring)

@: lethally poisoned (0 -> -2)
A: change form in water, swift swim, stealthy swim
a: no special abilities


You were on level 2 of the Dungeon.
You visited 1 branch of the dungeon, and saw 2 of its levels.

You collected 79 gold pieces.

Inventory:

Hand Weapons
 a - a +0 trident (weapon)
Missiles
 d - 3 throwing nets (quivered)
Armour
 b - a +0 leather armour (worn)
 c - a +0 helmet
 i - a +2 hat (worn)
Jewellery
 e - an amulet of the acrobat (around neck)
Scrolls
 g - a scroll of remove curse {unknown}
Potions
 f - 2 potions of degeneration {unknown}
 h - a potion of stabbing {unknown}
 j - a potion of curing {unknown}
 k - a potion of magic {unknown}


   Skills:
 + Level 3.2 Fighting
 * Level 6.4 Polearms
 - Level 2.0 Throwing
 - Level 4.0 Dodging


You had 3 spell levels left.
You didn't know any spells.
Your spell library was empty.

Dungeon Overview and Level Annotations

Branches:
Dungeon (2/15)

Altars:


Message History

You see here a ring mail.
You hit the worm but do no damage.
The worm is heavily wounded.
The worm bites you!
* * * LOW HITPOINT WARNING * * *
You hit the worm.
The worm is severely wounded.
You feel sick.
You completely miss the worm.
The worm is severely wounded.
The worm bites you.
* * * LOW HITPOINT WARNING * * *
You hit the worm.
The worm is severely wounded.
You hit the worm.
The worm is almost dead.
The worm misses you.
You hit the worm.
The worm is almost dead.
You die...

....# #.###### ....#
#....... ....# ########
....# ....############
...###.........# ...#
#.........# #######
...###.........##.......
................@w......
...###.........##.......
...# #.........# .......
>..# #.........# .......
#### #.........# .(.....
#.........# .......
#.........# .......
#.........# #######
###########


You could see a worm.

Vanquished Creatures
  2 adders (D:2)
  2 oozes
  A worm (D:2)
  2 dart slugs (D:1)
  5 bats
  3 giant cockroaches (D:1)
  5 goblins
  5 hobgoblins (D:1)
  A ball python (D:1)
  3 frilled lizards (D:1)
  3 kobolds
  2 rats
34 creatures vanquished.

Vanquished Creatures (others)
  11 plants (D:1)
11 creatures vanquished.

Grand Total: 45 creatures vanquished

Notes
Turn   | Place    | Note
-------+----------+-------------------------------------------
     0 | D:1      | kae the Merfolk Gladiator began the quest for the Orb.
     0 | D:1      | Reached XP level 1. HP: 16/16 MP: 1/1
   164 | D:1      | Reached skill level 5 in Polearms
   164 | D:1      | Reached XP level 2. HP: 22/23 MP: 2/2
   361 | D:1      | Reached XP level 3. HP: 28/28 MP: 3/3
  1023 | D:2      | Reached skill level 6 in Polearms
  1440 | D:2      | Reached XP level 4. HP: 35/35 MP: 4/4
  1469 | D:2      | HP: 1/35 [worm (5)]
  1472 | D:2      | Succumbed to an adder's poison

Illustrated notes

Levels and vault maps discovered:
D:1:      lightli_arrival_farm, layout_basic, kennysheep_decorative_pillar
D:2:      layout_basic, minmay_misc_feat_plants

Skill      XL: |  1  2  3 |
---------------+----------+-----
Polearms       | 5 6 |  6.4
Fighting       | 3 |  3.2
Throwing       | |  2.0
Dodging        | |  4.0

Action                   |  1- 3 |  4- 6 || total
-------------------------+-------+-------++-------
Melee: Trident           |   108 |    20 ||   128
       Tailslap          |     3 |       ||     3
 Stab: Distracted        |     1 |       ||     1
       Sleeping          |     1 |       ||     1
Armor: Leather armour    |    15 |     1 ||    16
Dodge: Dodged            |    72 |    10 ||    82

Table legend: (Time is in decaauts)
 A = Elapsed time spent in this place.
 B = Non-inter-level travel time spent in this place.
 C = Inter-level travel time spent in this place.
 D = Time resting spent in this place.
 E = Time spent auto-exploring this place.
 F = Levels seen in this place.
 G = Mean time per level.
                   A        B        C        D        E       F      G
               +--------+--------+--------+--------+--------+-----+--------+
         Total |   1441 |   1403 |     38 |      0 |   1155 |   2 |  720.5 |
       Dungeon |   1441 |   1403 |     38 |      0 |   1155 |   2 |  720.5 |
               +--------+--------+--------+--------+--------+-----+--------+

Top non-repeatable levels by time:
     D:1: 935 daAuts
     D:2: 506 daAuts
